 Dungeon Crawl Stone Soup version 0.27-a0-1612-gde56a17b89 (webtiles) character file.

Game seed: 2845906542752963560

1631 zazu2006 the Magician (level 8, -2/67 HPs)
             Began as a Naga Hedge Wizard on July 21, 2021.
             Slain by a shadow imp (5 damage)
             ... on level 7 of the Dungeon.
             The game lasted 00:17:08 (9576 turns).

zazu2006 the Magician (Naga Hedge Wizard)           Turns: 9576, Time: 00:17:09

Health: -2/67      AC: 11    Str: 13    XL:     8   Next: 98%
Magic:  26/26      EV: 10    Int: 19    God:
Gold:   393        SH:  0    Dex: 11    Spells: 11/20 levels left

rFire    . . .     SeeInvis +   B - +2 mace of Woqo Nuu {vamp, Int+3}
rCold    . . .     Faith    .   (no shield)
rNeg     . . .     Spirit   .   y - +0 leather armour
rPois    +         Reflect  .   i - +0 helmet
rElec    .         Harm     .   b - +0 cloak
rCorr    .         Rampage  .   v - +0 pair of gloves
Will     +....                  (no barding)
Stlth    +++.......             J - amulet of magic regeneration
HPRegen  0.21/turn              d - ring of magical power
MPRegen  0.45/turn              D - +4 ring of protection

@: very slow
A: AC +2, large, see invisible, deformed body, poison resistance, slowness 2,
spit poison 1, naga tail 1
a: Spit Poison


You were on level 7 of the Dungeon.
You visited 1 branch of the dungeon, and saw 7 of its levels.

You collected 393 gold pieces.

Inventory:

Hand Weapons
 f - a +1 dagger of freezing
 s - a +0 falchion of distortion
 u - a +0 long sword
 B - the +2 mace of Woqo Nuu (weapon) {vamp, Int+3}
   (You found it on level 5 of the Dungeon)

   It occasionally heals its wielder for a portion of the damage dealt when it
   wounds a living foe.
   Int:       It affects your intelligence (+3).
Missiles
 h - 43 poisoned darts
 o - a throwing net
Armour
 b - a +0 cloak (worn)
 i - a +0 helmet (worn)
 v - a +0 pair of gloves (worn)
 y - a +0 leather armour (worn)
 I - a +0 kite shield
Jewellery
 a - a ring of protection from fire
 c - a ring of flight
 d - a ring of magical power (left hand)
 D - a +4 ring of protection (right hand)
 J - an amulet of magic regeneration (around neck)
Wands
 w - a wand of iceblast (10)
 C - a wand of flame (39)
Scrolls
 e - a scroll of vulnerability {unknown}
 j - a scroll of torment {unknown}
 l - 9 scrolls of identify {unknown}
 n - a scroll of enchant weapon {unknown}
 q - 2 scrolls of holy word {unknown}
 t - 2 scrolls of amnesia {unknown}
 x - 5 scrolls of noise {unknown}
 E - a scroll of fog {unknown}
 G - a scroll of teleportation {unknown}
 H - a scroll of brand weapon {unknown}
Potions
 g - 2 potions of flight {unknown}
 k - 4 potions of attraction {unknown}
 m - 2 potions of resistance {unknown}
 p - 3 potions of curing
 r - a potion of heal wounds {unknown}
 z - a potion of brilliance {unknown}
 A - 2 potions of berserk rage {unknown}
 F - a potion of invisibility {unknown}
 K - a potion of lignification {unknown}


   Skills:
 + Level 2.2 Fighting
 + Level 2.0 Long Blades
 + Level 2.3 Armour
 + Level 3.0 Dodging
 + Level 5.6 Stealth
 + Level 6.6 Spellcasting
 + Level 5.2 Conjurations
 + Level 1.0 Summonings
 + Level 1.5 Translocations
 + Level 0.9 Air Magic
 + Level 2.4 Poison Magic
 + Level 0.4 Evocations


You had 11 spell levels left.
You knew the following spells:

 Your Spells              Type           Power      Damage    Failure   Level
a - Magic Dart            Conj           100%       1d8       1%          1
b - Mephitic Cloud        Conj/Pois/Air  17%        N/A       12%         3
c - Conjure Flame         Conj/Fire      16%        6-21      14%         3
d - Blink                 Tloc           N/A        N/A       11%         2

Your spell library contained the following spells:

 Spells                   Type           Power      Damage    Failure   Level
 Shock                    Conj/Air       72%        1d7       3%          1
 Sting                    Tmut/Pois      40%        1d5       9%          1
 Summon Small Mammal      Summ           40%        N/A       9%          1
 Poisonous Vapours        Pois/Air       24%        N/A       10%         2
 Call Imp                 Summ           10%        N/A       13%         2
 Slow                     Hex            6%         N/A       21%         2
 Call Canine Familiar     Summ           10%        N/A       26%         3
 Swiftness                Air            10%        N/A       26%         3
 Summon Guardian Golem    Hex/Summ       8%         N/A       32%         3
 Ozocubu's Armour         Ice            6%         N/A       38%         3
 Olgreb's Toxic Radiance  Pois           15%        N/A       43%         4
 Airstrike                Air            5%         N/A       65%         4
 Ozocubu's Refrigeration  Ice            3%         4d5       100%        7


Dungeon Overview and Level Annotations

Branches:
Dungeon (7/15)             Temple (0/1) D:6

Altars:
Hepliaklqana
Nemelex Xobeh
Sif Muna
Trog
Zin


Innate Abilities, Weirdness & Mutations

Your serpentine skin is tough. (AC +2)
You have supernaturally acute eyesight. (SInv)
Armour fits poorly on your strangely shaped body.
Your system is resistant to poisons. (rPois)
You cover ground very slowly.
You can spit poison.
You have a snake-like lower body.


Message History

Press: ? - help, Shift-Dir - straight line, f - bullfrog skeleton
Aim: a bullfrog skeleton (100% to hit)
The magic dart hits the bullfrog skeleton.
The bullfrog skeleton is lightly damaged.
A shadow imp comes into view.
The shadow imp shouts!
The bullfrog skeleton barely misses you.
The bullfrog skeleton hits you but does no damage.
The shadow imp hits you but does no damage.
The bullfrog skeleton hits you but does no damage.
The shadow imp closely misses you.
Your magical contamination has completely faded away.
Unknown command.
You hit the wyvern zombie but do no damage.
The wyvern zombie is severely damaged.
The wyvern zombie bites you.
The wyvern zombie bites you but does no damage.
You hit the wyvern zombie.
The wyvern zombie is severely damaged.
The wyvern zombie barely misses you. x2
You hit the wyvern zombie but do no damage.
The wyvern zombie is severely damaged.
The wyvern zombie bites you but does no damage.
The wyvern zombie bites you!
* * * LOW HITPOINT WARNING * * *
You hit the wyvern zombie.
The wyvern zombie is severely damaged.
The wyvern zombie closely misses you.
You hit the shadow imp.
The shadow imp is lightly wounded.
You closely miss the shadow imp.
The shadow imp is lightly wounded.
The shadow imp closely misses you. The shadow imp gestures at you.
Pain shoots through your body!
* * * LOW HITPOINT WARNING * * *
You barely miss the shadow imp.
The shadow imp is lightly wounded.
The shadow imp hits you.
You die...

#.........###.#
.......#....# ##..#...#.###
......#..#(# #.......#.)# .
##...Z....### ..
#...#.##### ######...
#.......Z5### #####........
...........#@.#
#............
####...#..#.### ##...#
....#...#.### ####....#
........#....# #.##.####
..........###.# #.†..#
###### ####..#.....###
#...####....# #.....#.#.#
##.†........#
##...#..#.###.###..###....#
.........#..##..#
##........#


You could see a shadow imp and a wyvern zombie.

Vanquished Creatures
  A hornet zombie (D:4)
  A sky beast (D:6)
  An ogre (D:6)
  An ice beast (D:7)
  A bullfrog (D:7)
  A gnoll sergeant (D:6)
  3 scorpions
  A howler monkey (D:7)
  A bullfrog zombie (D:6)
  A centaur zombie (D:5)
  A gnoll shaman (D:7)
  A hound (D:7)
  4 jellies
  3 orc priests
  4 bullfrog skeletons
  Crazy Yiuf (D:5)
  A centaur skeleton (D:4)
  2 iguanas
  A scorpion zombie (D:5)
  An orc wizard (D:3)
  A hound skeleton (D:4)
  11 gnolls
  11 adders
  2 shadow imps (D:6)
  A white imp (D:5)
  An ufetubus (D:5)
  3 worms
  A dart slug (D:1)
  10 orcs
  11 ball pythons
  An endoplasm (D:2)
  3 giant cockroaches
  6 hobgoblins
  3 jackals (D:4)
  7 kobolds
  2 quokkas (D:1)
  5 bats
  6 frilled lizards
  4 goblins
  A rat (D:2)
121 creatures vanquished.

Notes
Turn   | Place    | Note
-------+----------+-------------------------------------------
     0 | D:1      | zazu2006 the Naga Hedge Wizard began the quest for the Orb.
     0 | D:1      | Reached XP level 1. HP: 15/15 MP: 4/4
   473 | D:1      | Reached XP level 2. HP: 22/22 MP: 3/6
  1054 | D:1      | Reached XP level 3. HP: 28/28 MP: 5/8
  2257 | D:3      | Reached XP level 4. HP: 18/36 MP: 9/9
  2262 | D:3      | HP: 1/36 [gnoll (1)]
  2265 | D:3      | Reached skill level 4 in Spellcasting
  2271 | D:3      | Learned a level 3 spell: Mephitic Cloud
  2275 | D:3      | Learned a level 3 spell: Conjure Flame
  2278 | D:3      | Learned a level 2 spell: Blink
  3051 | D:3      | Reached XP level 5. HP: 29/42 MP: 11/11
  3250 | D:3      | Found a faded altar of an unknown god.
  4326 | D:4      | Reached XP level 6. HP: 36/50 MP: 13/13
  5224 | D:4      | Reached skill level 1 in Poison Magic
  5273 | D:4      | Reached skill level 1 in Fighting
  5273 | D:4      | Reached skill level 5 in Spellcasting
  5451 | D:4      | Reached XP level 7. HP: 57/57 MP: 14/14
  5896 | D:5      | Entered Level 5 of the Dungeon
  6616 | D:5      | Reached skill level 1 in Long Blades
  6810 | D:5      | Found a runed translucent door.
  6811 | D:5      | Noticed Crazy Yiuf
  6887 | D:5      | Found a sparkling altar of Nemelex Xobeh.
  7106 | D:5      | Found a shimmering blue altar of Sif Muna.
  7217 | D:5      | Killed Crazy Yiuf
  7218 | D:5      | Reached skill level 1 in Armour
  7222 | D:5      | Identified the +2 mace of Woqo Nuu {vamp, Int+3}
  7347 | D:6      | Reached XP level 8. HP: 39/67 MP: 16/16
  8142 | D:6      | Found a staircase to the Ecumenical Temple.
  8208 | D:6      | Reached skill level 5 in Stealth
  8208 | D:6      | Reached skill level 5 in Conjurations
  8264 | D:6      | Found a glowing silver altar of Zin.
  8474 | D:6      | Found a hazy altar of Hepliaklqana.
  8475 | D:6      | Found a faded altar of an unknown god.
  9181 | D:7      | Found a bloodstained altar of Trog.
  9215 | D:7      | Reached skill level 6 in Spellcasting
  9575 | D:7      | HP: 3/67 [shadow imp/nerve-wracking pain (11)]
  9576 | D:7      | Slain by a shadow imp

Illustrated notes

Levels and vault maps discovered:
D:1:      minmay_arrival_open_corners, layout_loops_ring
D:2:      layout_basic
D:3:      kennysheep_six_static_rooms, layout_loops_corners,
          ebering_ecumenical_altar_sacrificial
D:4:      layout_basic, serial_glass, glass_columns_a, glass_columns_c,
          chequers_mini_garden
D:5:      layout_gridville, nicolae_sif_muna_little_library,
          mainiacjoe_overflow_tiny_flanked, guppyfry_early_lair_pool,
          uniq_crazy_yiuf_cottage
D:6:      layout_loops_ring, lemuel_crystal_altar,
          beargit_hepliaklqana_dungeon_heroes, minmay_temple_entry_poolview
D:7:      layout_rooms, mainiacjoe_overflow_24_doors, minmay_increasing_density

Skill      XL: |  1  2  3  4  5  6  7  8 |
---------------+-------------------------+-----
Conjurations   | 2 3 4 5 |  5.2
Spellcasting   | 4 5 6 |  6.6
Stealth        | 4 5 |  5.6
Dodging        | 2 3 |  3.0
Poison Magic   | 1 2 |  2.4
Fighting       | 1 2 |  2.2
Long Blades    | 1 2 |  2.0
Armour         | 1 2 |  2.3
Summonings     | |  1.0
Translocations | |  1.5
Air Magic      | |  0.9
Evocations     | |  0.4

Action                   |  1- 3 |  4- 6 |  7- 9 || total
-------------------------+-------+-------+-------++-------
Melee: Dagger            |     5 |    50 |       ||    55
       Long sword        |       |     4 |    42 ||    46
       Mace              |       |       |   129 ||   129
 Cast: Magic Dart        |    76 |   104 |   110 ||   290
       Mephitic Cloud    |       |     6 |    11 ||    17
       Blink             |       |     1 |     7 ||     8
       Conjure Flame     |       |     1 |     3 ||     4
 Abil: Spit Poison       |    13 |    15 |    11 ||    39
Evoke: Wand              |       |       |     3 ||     3
  Use: Potion            |       |       |     1 ||     1
 Stab: Confused          |       |     1 |     2 ||     3
       Sleeping          |       |       |     4 ||     4
Armor: Robe              |     3 |    20 |    26 ||    49
       Leather armour    |       |       |   100 ||   100
Dodge: Dodged            |     7 |    45 |   146 ||   198
       Rpst.: Long sword |       |       |     2 ||     2

Table legend: (Time is in decaauts)
 A = Elapsed time spent in this place.
 B = Non-inter-level travel time spent in this place.
 C = Inter-level travel time spent in this place.
 D = Time resting spent in this place.
 E = Time spent auto-exploring this place.
 F = Levels seen in this place.
 G = Mean time per level.
                   A        B        C        D        E       F      G
               +--------+--------+--------+--------+--------+-----+--------+
         Total |  11478 |  11098 |    380 |   1200 |   8606 |   7 | 1639.7 |
       Dungeon |  11478 |  11098 |    380 |   1200 |   8606 |   7 | 1639.7 |
               +--------+--------+--------+--------+--------+-----+--------+

Top non-repeatable levels by time:
     D:3: 2495 daAuts
     D:6: 1949 daAuts
     D:4: 1893 daAuts
     D:5: 1756 daAuts
     D:1: 1430 daAuts
     D:2: 1261 daAuts
     D:7: 692 daAuts
